 Dungeon Crawl Stone Soup version 0.30-a0-989-g0d87f670db (webtiles) character file.

Game seed: 14993142135741013301

55860 Maxmaps the Transmogrifier (level 14, -3/126 HPs)
             Began as a Red Draconian Monk on Apr 4, 2023.
             Was a High Priest of the Shining One.
             Slain by a nine-headed hydra (9 damage)
             ... on level 5 of the Lair of Beasts.
             The game lasted 00:28:56 (24939 turns).

Maxmaps the Transmogrifier (Red Draconian Monk)    Turns: 24939, Time: 00:28:56

Health: -3/126     AC:  9    Str: 13    XL:     14   Next: 39%
Magic:  27/27      EV: 16    Int: 16    God:    the Shining One [*****.]
Gold:   2072       SH:  0    Dex: 14    Spells: 19/31 levels left

rFire   + + .      SeeInvis .      - Unarmed
rCold   + + .      Faith    .    (shield currently unavailable)
rNeg    + + .      Spirit   .    (body armour unavailable)
rPois   .          Reflect  .    (helmet restricted)
rElec   .          Rampage  .    H - scarf {rC+ rF+}
rCorr   +                        F - melded +1 pair of gloves
Will    +....                    G - +0 pair of boots
Stlth   +                        a - amulet of magic regeneration
HPRegen 0.41/turn                g - ring of resist corrosion
MPRegen 0.60/turn                k - ring of protection from cold

@: about to teleport, blade hands, glowing
A: breathe fire, AC +8, unfitting armour, fire resistance 1, cold-blooded
a: Breathe Fire, End Transformation, Renounce Religion, Divine Shield, Cleansing
Flame, Summon Divine Warrior


You were on level 5 of the Lair of Beasts.
You worshipped the Shining One.
The Shining One was extremely pleased with you.
You had blades for hands.
You visited 2 branches of the dungeon, and saw 17 of its levels.

You collected 2072 gold pieces.

Inventory:

Missiles
 r - a throwing net (quivered)
Armour
 F - a +1 pair of gloves (melded)
 G - a +0 pair of boots (worn)
 H - a scarf of resistance (worn)
Jewellery
 a - an amulet of magic regeneration (around neck)
 c - a ring of ice
 g - a ring of resist corrosion (left blade hand)
 k - a ring of protection from cold (right blade hand)
 m - a ring of flight
 y - a ring of willpower
 B - a ring of fire
 C - the ring of the Priest {Fire Fly rCorr}
   (You found it on level 10 of the Dungeon)

   [ring of fire]

   It enhances your fire magic.
   rF:        It protects you from fire.
   rC:        It makes you vulnerable to cold.
   Fly:       It grants you flight.
   rCorr:     It protects you from acid and corrosion.
 E - a ring of willpower
 J - an amulet of the acrobat
 K - a ring of protection from fire
 M - a ring of protection from fire
Wands
 d - a wand of polymorph (10)
 i - a wand of flame (44)
 A - a wand of roots (29)
 I - a wand of light (1)
 N - a wand of charming (6)
Scrolls
 b - 8 scrolls of teleportation
 h - 3 scrolls of immolation
 l - 3 scrolls of enchant armour
 q - 2 scrolls of amnesia
 v - 4 scrolls of identify
 w - 2 scrolls of enchant weapon
 L - a scroll of fog
 O - 2 scrolls of brand weapon
 Q - a scroll of silence
Potions
 e - 3 potions of curing
 f - 11 potions of brilliance
 j - 3 potions of flight
 n - 3 potions of mutation
 o - 2 potions of heal wounds
 p - 2 potions of invisibility
 s - 3 potions of cancellation
 t - 2 potions of berserk rage
 u - a potion of resistance
 x - 3 potions of might
 z - 2 potions of haste
 D - 2 potions of lignification
 P - a potion of degeneration {unknown}


   Skills:
 - Level 12.0 Fighting
 - Level 10.0 Dodging
 - Level 1.7 Stealth
 - Level 13.3 Unarmed Combat
 - Level 9.0 Spellcasting
 + Level 13.7 Transmutations


You had 19 spell levels left.
You knew the following spells:

 Your Spells              Type           Power      Damage    Failure   Level
a - Blade Hands           Tmut           25%        N/A       16%         5
b - Dragon Form           Tmut           25%        N/A       73%         7

Your spell library contained the following spells:

 Spells                   Type           Power      Damage    Failure   Level
 Ignite Poison            Fire/Tmut/Pois 21%        N/A       32%         3
 Ice Form                 Ice/Tmut       29%        N/A       36%         4
 Apportation              Tloc           14%        N/A       45%         1
 Foxfire                  Conj/Fire      28%        2x1d3     45%         1
 Summon Small Mammal      Summ           28%        N/A       45%         1
 Cigotuvi's Dreadful Rot  Necr/Pois/Air  14%        N/A       56%         2
 Poisonous Vapours        Pois/Air       14%        N/A       56%         2
 Alistair's Intoxication  Tmut/Pois      19%        N/A       58%         5
 Call Canine Familiar     Summ           7%         N/A       73%         3
 Frozen Ramparts          Ice            14%        1d3       73%         3
 Hailstorm                Conj/Ice       7%         3d4       73%         3
 Kindle Blastsparks       Fire/Tloc/Air  14%        2d11      73%         3
 Mephitic Cloud           Conj/Pois/Air  7%         N/A       73%         3
 Ozocubu's Armour         Ice            7%         N/A       73%         3
 Portal Projectile        Hex/Tloc       14%        N/A       73%         3
 Summon Guardian Golem    Hex/Summ       7%         N/A       73%         3
 Tukima's Dance           Hex            7%         N/A       73%         3
 Cause Fear               Hex            3%         N/A       95%         4
 Fulminant Prism          Conj/Hex       3%         3d5       95%         4
 Iskenderun's Mystic Bla  Conj/Tloc      7%         2d4       95%         4
 Leda's Liquefaction      Hex/Erth       3%         N/A       95%         4
 Summon Ice Beast         Ice/Summ       7%         N/A       95%         4
 Fireball                 Conj/Fire      3%         3d4       99%         5
 Freezing Cloud           Conj/Ice/Air   3%         6-21      99%         5
 Lee's Rapid Deconstruct  Erth           3%         3d5*      99%         5
 Summon Mana Viper        Hex/Summ       7%         N/A       99%         5
 Simulacrum               Ice/Necr       3%         N/A       100%        6
 Starburst                Conj/Fire      3%         6d3       100%        6
 Monstrous Menagerie      Summ           3%         N/A       100%        7
 Ozocubu's Refrigeration  Ice            3%         4d8       100%        7
 Dragon's Call            Summ           3%         N/A       100%        9


Dungeon Overview and Level Annotations

Branches:
Dungeon (12/15)            Temple (0/1) D:6            Lair (5/5) D:9
  Swamp (0/4) Lair:3        Snake (0/4) Lair:3        Slime (0/5) Lair:4
    Orc (0/2) D:10

Altars:
Cheibriados
Dithmenos
Elyvilon
Kikubaaqudgha
Makhleb
Nemelex Xobeh
Uskayaw
Vehumet
Wu Jian
Xom
Yredelemnul
Zin
The Shining One
Jiyva
Lugonu

Shops:
D:4 :

Annotations:
Lair:2 2 runed translucent doors, Sehiablu's ghost, journeyman TrBe
Lair:3 3 runed translucent doors, puppykicker's ghost, journeyman TeRe


Innate Abilities, Weirdness & Mutations

You have blades for hands.
Your spellcasting is less reliable in this form.
You are incapable of wielding weapons or throwing items.
You can breathe blasts of fire.
Your fiery red scales are hard. (AC +8)
You cannot fit into any form of body armour.
Your flesh is heat resistant. (rF+)
You are cold-blooded and may be slowed by cold attacks.


Message History

You hack one of the eight-headed hydra's heads off!
The seven-headed hydra grows two more!
You hit the nine-headed hydra. You tail-slap the nine-headed hydra.
The nine-headed hydra is lightly wounded.
A water moccasin comes into view.
The nine-headed hydra closely misses you.
The nine-headed hydra barely misses you. x2
The nine-headed hydra misses you.
The nine-headed hydra bites you but does no damage.
The nine-headed hydra bites you!
The nine-headed hydra barely misses you.
The nine-headed hydra closely misses you.
The nine-headed hydra bites you!
As you read the scroll of teleportation, it crumbles to dust.
You feel strangely unstable.
The water moccasin hisses angrily.
The nine-headed hydra bites you!
The nine-headed hydra barely misses you.
The nine-headed hydra bites you.
The nine-headed hydra barely misses you.
The nine-headed hydra closely misses you.
The nine-headed hydra completely misses you.
The nine-headed hydra barely misses you.
The nine-headed hydra bites you. The nine-headed hydra bites you!
The nine-headed hydra attacks as you move away!
The nine-headed hydra bites you but does no damage.
The nine-headed hydra bites you! The nine-headed hydra misses you.
The nine-headed hydra bites you! The nine-headed hydra misses you.
The nine-headed hydra bites you but does no damage.
The nine-headed hydra bites you!
The nine-headed hydra closely misses you.
The nine-headed hydra bites you!
* * * LOW HITPOINT WARNING * * *
The nine-headed hydra attacks as you move away!
The nine-headed hydra bites you!
* * * LOW HITPOINT WARNING * * *
The nine-headed hydra bites you!
* * * LOW HITPOINT WARNING * * *
The nine-headed hydra bites you!
You die...

♣...##.. ♣♣......
♣♣.....#. ♣...#....
♣...##... . ♣ ♣........
..♣ ♣. ♣♣♣♣♣ ♣♣.......
♣D.♣.♣♣♣♣...♣♣♣
♣♣......†
♣..†♣.D@....♣♣♣♣........
♣D.†S♣♣♣♣♣♣..♣♣♣.......
♣♣..♣♣ ♣♣♣..........
♣.♣♣ ♣♣♣♣....... ♣.
♣♣..#... ♣♣ .......
...##.. ..... ## .#...#


You could see a nine-headed hydra, a seven-headed hydra and a water moccasin.

Vanquished Creatures
  A fire giant (D:11)
  The ghost of jtron the Spear-Bearer, a novice OgMo of Kikubaaqudgha (D:10)
  An anaconda (shapeshifter) (D:11)
  A hydra (D:11)
  A catoblepas (D:12)
  4 two-headed ogres
  6 death yaks (Lair:2)
  Urug (Lair:3)
  A skyshark (Lair:3)
  Amaemon (D:11)
  A deep troll (D:11)
  Pikel (D:4)
  3 oklob plants (Lair:4)
  An ugly thing (D:12)
  4 cyclopes
  2 manticores (D:12)
  A faun (shapeshifter) (D:12)
  4 elephants (Lair:1)
  6 black mambas
  An orange demon (D:11)
  12 cane toads
  An unseen horror (D:12)
  2 torpor snails
  7 kobold demonologists
  13 komodo dragons
  A rime drake (Lair:4)
  5 trolls
  A hornet (D:11)
  Grinder (D:5)
  13 blink frogs
  4 slime creatures
  Sigmund (D:3)
  A culicivora (shapeshifter) (D:12)
  2 shadows
  2 wyverns
  2 vampires
  80 yaks
  2 basilisks
  2 wraiths (D:11)
  5 steam dragons
  3 vampire mosquitoes (D:10)
  Menkaure (D:4)
  Edmund (D:4)
  2 nagas (Lair:3)
  3 acid dragons
  10 water moccasins
  3 ice beasts
  2 sky beasts
  8 orc warriors
  A black bear (D:6)
  4 centaurs
  9 wolves
  9 kobold brigands (D:10)
  15 bullfrogs
  5 scorpions
  5 wights
  3 killer bees (D:10)
  10 electric eels
  8 howler monkeys
  A bullfrog zombie (D:4)
  A human zombie (D:4)
  A quasit (D:6)
  4 hounds
  7 orc priests
  A sleepcap (D:4)
  Crazy Yiuf (D:6)
  4 jellies
  A scorpion zombie (D:4)
  Ijyb (D:3)
  4 iguanas
  8 orc wizards
  5 hell rats (Lair:3)
  3 hound zombies (D:4)
  A mummy (D:4)
  3 gnolls
  5 adders
  A shadow imp (D:7)
  An ufetubus (D:4)
  3 adder zombies (D:4)
  A worm (D:4)
  A dart slug (D:3)
  37 orcs
  7 endoplasms
  5 giant cockroaches
  5 goblins
  5 hobgoblins
  9 jackals
  2 quokkas
  9 ball pythons
  6 bats
  2 frilled lizards
  2 goblin skeletons (D:6)
  3 goblin zombies (D:6)
  A hobgoblin zombie (D:6)
  A jackal zombie (D:4)
  8 kobolds
  2 kobold skeletons (D:6)
  A kobold zombie (D:6)
  2 quokka zombies (D:3)
  3 rats
469 creatures vanquished.

Vanquished Creatures (others)
  9 demonic plants (D:12)
  10 fungi
  20 plants
39 creatures vanquished.

Grand Total: 508 creatures vanquished

Notes
Turn   | Place    | Note
-------+----------+-------------------------------------------
     0 | D:1      | Maxmaps the Draconian Monk began the quest for the Orb.
     0 | D:1      | Reached XP level 1. HP: 19/19 MP: 1/1
    54 | D:1      | Reached XP level 2. HP: 19/27 MP: 2/2
   425 | D:1      | Reached XP level 3. HP: 34/34 MP: 3/3
   647 | D:2      | Identified the +1 dagger of Ancient Evil {distort, rPois
                  | Str-5 Int+4 Dex+3}
   656 | D:2      | Reached skill level 5 in Fighting
   970 | D:2      | Found a white marble altar of Elyvilon.
  1462 | D:3      | HP: 1/36 [gnoll/+0 whip (7)]
  1610 | D:3      | Reached XP level 4. HP: 16/42 MP: 4/4
  1618 | D:2      | HP: 2/42 [gnoll/+0 whip (4)]
  1937 | D:3      | Noticed Sigmund
  1959 | D:3      | Killed Sigmund
  1960 | D:3      | Reached XP level 5. HP: 15/52 MP: 5/5
  2125 | D:3      | Noticed Ijyb
  2145 | D:3      | Killed Ijyb
  2146 | D:3      | Reached XP level 6. HP: 50/60 MP: 6/6
  2300 | D:3      | Found a burning altar of Makhleb.
  2464 | D:3      | Found a basalt altar of Yredelemnul.
  2488 | D:4      | Found Ucuibeho's Book Boutique.
  2760 | D:4      | Noticed Pikel
  2976 | D:4      | Found an ancient bone altar of Kikubaaqudgha.
  3006 | D:4      | Reached skill level 5 in Unarmed Combat
  3090 | D:4      | Your scales start taking on a fiery red colour.
  3090 | D:4      | Reached XP level 7. HP: 64/66 MP: 7/7
  3090 | D:4      | Gained mutation: Your flesh is heat resistant. (rF+) [Red
                  | Draconian growth]
  3225 | D:4      | Killed Pikel
  3226 | D:4      | Reached XP level 8. HP: 16/73 MP: 8/8
  3446 | D:4      | Noticed Menkaure
  3454 | D:4      | Killed Menkaure
  3914 | D:5      | Entered Level 5 of the Dungeon
  4218 | D:5      | Noticed Edmund
  4218 | D:5      | Noticed Grinder
  4769 | D:4      | Killed Edmund
  4925 | D:5      | Killed Grinder
  5813 | D:6      | Reached skill level 10 in Unarmed Combat
  5893 | D:6      | Found a glowing golden altar of the Shining One.
  5926 | D:6      | Became a worshipper of the Shining One
  5926 | D:6      | Reached * piety under the Shining One
  5926 | D:6      | Reached ** piety under the Shining One
  5992 | D:6      | Found a staircase to the Ecumenical Temple.
  6053 | D:6      | Reached XP level 9. HP: 75/79 MP: 9/9
  6191 | D:6      | Found a runed translucent door.
  6192 | D:6      | Noticed Crazy Yiuf
  6241 | D:6      | Killed Crazy Yiuf
  6499 | D:6      | Found a glowing silver altar of Zin.
  6660 | D:6      | Found a white marble altar of Elyvilon.
  7046 | D:7      | Found an ornate altar of the Wu Jian Council.
  7056 | D:7      | Found a radiant altar of Vehumet.
  7879 | D:8      | Found a snail-covered altar of Cheibriados.
  8181 | D:8      | You fall into a shaft and drop 3 floors!
  8204 | D:11     | Reached XP level 10. HP: 69/86 MP: 10/10
  8268 | D:11     | Noticed Amaemon
  8273 | D:11     | Noticed a cyclops
  8274 | D:11     | Noticed an orange demon
  8278 | D:11     | Killed Amaemon
  8278 | D:11     | Reached *** piety under the Shining One
  8286 | D:11     | HP: 4/90 [poisoned by an orange demon]
  8543 | D:11     | Killed a cyclops
  8552 | D:11     | Killed an orange demon
  8721 | D:11     | Noticed a two-headed ogre
  8728 | D:11     | Killed a two-headed ogre
  8729 | D:11     | Reached skill level 10 in Fighting
  9014 | D:11     | Noticed a two-headed ogre
  9024 | D:11     | Killed a two-headed ogre
  9223 | D:11     | Noticed a cyclops
  9233 | D:11     | Killed a cyclops
  9430 | D:10     | Entered Level 10 of the Dungeon
  9475 | D:10     | Found a runed translucent gate.
  9477 | D:10     | Noticed jtron's ghost (novice OgMo)
  9478 | D:10     | Found a runed translucent gate.
  9479 | D:10     | Found a runed translucent gate.
  9523 | D:10     | Reached XP level 11. HP: 94/104 MP: 11/11
  9810 | D:10     | Found a hide-covered altar of Uskayaw.
  9844 | D:10     | Reached skill level 5 in Dodging
 10138 | D:10     | Found a staircase to the Orcish Mines.
 10287 | D:10     | Noticed a two-headed ogre
 10298 | D:10     | Killed a two-headed ogre
 10805 | D:10     | Found a shimmering altar of Xom.
 10837 | D:10     | Identified the ring of the Priest {Fire Fly rCorr}
 11450 | D:10     | Learned a level 5 spell: Blade Hands
 11644 | D:9      | Reached **** piety under the Shining One
 12205 | D:9      | Found a shadowy altar of Dithmenos.
 12300 | D:9      | Found a sparkling altar of Nemelex Xobeh.
 12412 | D:9      | Found a staircase to the Lair.
 13365 | D:8      | Reached skill level 10 in Dodging
 13365 | D:8      | Reached XP level 12. HP: 111/112 MP: 12/12
 13922 | D:10     | Reached skill level 1 in Spellcasting
 13936 | D:10     | Killed jtron's ghost
 14416 | D:11     | Noticed a two-headed ogre
 14424 | D:11     | Killed a two-headed ogre
 14738 | D:11     | Reached skill level 5 in Spellcasting
 14864 | D:11     | Noticed a fire giant
 14869 | D:11     | Noticed a five-headed hydra
 14871 | D:11     | Killed a five-headed hydra
 15077 | D:11     | Identified a scroll of acquirement
 15077 | D:11     | Acquired 945 gold pieces
 15245 | D:11     | Noticed a satyr
 15248 | D:11     | a satyr changed into a fire dragon
 15248 | D:11     | Noticed a fire dragon (glowing shapeshifter)
 15252 | D:11     | Noticed a jorogumo
 15255 | D:11     | a jorogumo changed into a great orb of eyes
 15255 | D:11     | Noticed a great orb of eyes (glowing shapeshifter)
 15256 | D:11     | a great orb of eyes changed into a goliath frog
 15257 | D:11     | a goliath frog changed into an alligator
 15257 | D:11     | Noticed an alligator (glowing shapeshifter)
 15263 | D:11     | an alligator changed into an anaconda
 15263 | D:11     | Noticed an anaconda (glowing shapeshifter)
 15264 | D:11     | Killed an anaconda
 15505 | D:11     | Killed a fire giant
 16068 | D:12     | HP: 3/112 [faun (shapeshifter) (9)]
 16330 | D:12     | Reached skill level 5 in Transmutations
 16820 | D:12     | Noticed a catoblepas
 17367 | D:12     | Killed a catoblepas
 17685 | D:12     | Reached XP level 13. HP: 99/118 MP: 18/22
 17805 | D:12     | Found a corrupted altar of Lugonu.
 18127 | Lair:1   | Entered Level 1 of the Lair of Beasts
 18193 | Lair:1   | Learned a level 7 spell: Dragon Form
 18831 | Lair:1   | Reached ***** piety under the Shining One
 18837 | Lair:1   | Reached skill level 10 in Transmutations
 19640 | Lair:1   | You fall into a shaft and drop 1 floor!
 19859 | Lair:2   | Found a large runed translucent door.
 19859 | Lair:2   | Found a large runed translucent door.
 19862 | Lair:2   | Noticed Sehiablu's ghost (journeyman TrBe)
 21184 | Lair:3   | Reached XP level 14. HP: 125/126 MP: 27/27
 21251 | Lair:3   | Found a runed translucent gate.
 21251 | Lair:3   | Found a runed translucent gate.
 21254 | Lair:3   | Found a runed translucent gate.
 21401 | Lair:3   | Noticed Urug
 21405 | Lair:3   | Noticed puppykicker's ghost (journeyman TeRe)
 21423 | Lair:3   | HP: 5/126 [Urug/+4 great sword of holy wrath (35)]
 21426 | Lair:3   | Killed Urug
 21740 | Lair:3   | Found a staircase to the Swamp.
 23044 | Lair:3   | Found a staircase to the Snake Pit.
 24239 | Lair:4   | Found a viscous altar of Jiyva.
 24240 | Lair:4   | Found a staircase to the Slime Pits.
 24419 | Lair:5   | Entered Level 5 of the Lair of Beasts
 24939 | Lair:5   | HP: 6/126 [nine-headed hydra (9)]
 24939 | Lair:5   | Slain by a nine-headed hydra

Illustrated notes

Levels and vault maps discovered:
D:1:      minmay_arrival_up_and_down, layout_rooms, minmay_cupped
D:2:      layout_basic, basic_altar
D:3:      layout_rooms, mainiacjoe_overflow_catwalk,
          lemuel_zombie_altar_yredelemnul, uniq_sigmund, uniq_ijyb
D:4:      layout_rooms, lemuel_mausoleum_altar_kikubaaqudgha, serial_shops,
          shop, kennysheep_generic_room_11, uniq_pikel, uniq_menkaure
D:5:      layout_layer_cave, uniq_edmund, uniq_grinder
D:6:      layout_basic, mainiacjoe_overflow_surrounded_room,
          mainiacjoe_overflow_alcove_2, nicolae_tso_besieged_by_evil,
          minmay_temple_entry_proselytizer, uniq_crazy_yiuf_cottage
D:7:      minmay_spotlight, layout_loops_ring, amethyst_overflow_temple_binary,
          lemuel_flamethrower_2
D:8:      layout_cave_pods, mainiacjoe_overflow_chevrons
D:9:      layout_irregular_city, grunt_dithmenos_smoke,
          nemelex_diamond_rough_becter, erik_lair_island
D:10:     layout_basic, nicolae_uskayaw_murder_on_the_dancefloor,
          lemuel_tele_altar, david_orc_2, gammafunk_ghost_nasty_kobolds,
          serial_co_window_serial, co_window_of_opportunity_a,
          co_window_of_opportunity_a, co_window_of_opportunity_a,
          co_window_corner_a, co_window_corner_a, co_window_paths_a,
          co_window_corner_a, co_window_unsneaky_path_b, co_window_cross_2,
          co_window_paths_c, co_window_corner_b, co_window_4corner_b,
          co_window_paths_e, glass_columns_c, glass_columns_a, glass_columns_a
D:11:     minmay_glassy_protrusions, layout_loops_ring, uniq_amaemon
D:12:     kennysheep_kobold_lugonu_temple, layout_gridville,
          minmay_fractal_squares_gapless_7
Lair:1:   layout_roguey, beast_lair_carwin_5
Lair:2:   layout_regular_city, ebering_ghost_disaster_area,
          nicolae_quartered_pool_little, serial_bayou_shore_b
Lair:3:   layout_chaotic_city, minmay_swamp_entry_eels,
          guppyfry_snake_entry_island, gammafunk_ghost_split,
          serial_bayou_shore_b, grunt_megastairs_2, uniq_urug
Lair:4:   layout_cave_shapes, minmay_slime_entry_oklob_enclosed,
          hibernation_bobbens
Lair:5:   evil_forest, layout_cave_pods

Skill      XL: |  1  2  3  4  5  6  7  8  9 10 11 12 13 14 |
---------------+-------------------------------------------+-----
Fighting       | 4 5 7 12 | 12.0
Unarmed Combat | 5 7 10 13 | 13.3
Dodging        | 3 10 | 10.0
Spellcasting   | 6 9 |  9.0
Transmutations | 7 11 13 | 13.7
Stealth        | |  1.7

Action                     |  1- 3 |  4- 6 |  7- 9 | 10-12 | 13-15 || total
---------------------------+-------+-------+-------+-------+-------++-------
  Melee: Unarmed           |   184 |   213 |   275 |   653 |   431 ||  1756
         Tailslap          |    25 |    29 |    45 |   130 |    93 ||   322
         Punch             |     3 |     7 |    19 |    78 |    48 ||   155
   Cast: Blade Hands       |       |       |       |     3 |    49 ||    52
Ability: Breathe Fire      |       |       |    14 |    13 |     5 ||    32
    Use: Potion            |     1 |     4 |     1 |    13 |     2 ||    21
         Scroll            |       |     4 |     8 |    14 |     3 ||    29
   Stab: Sleeping          |     3 |    10 |     1 |       |       ||    14
         Distracted        |       |       |     1 |       |       ||     1
 Armour: Skin              |    72 |    38 |    73 |   204 |    73 ||   460
  Dodge: Dodged            |   177 |    98 |   122 |   424 |   225 ||  1046

Table legend: (Time is in decaauts)
 A = Elapsed time spent in this place.
 B = Non-inter-level travel time spent in this place.
 C = Inter-level travel time spent in this place.
 D = Time resting spent in this place.
 E = Time spent auto-exploring this place.
 F = Levels seen in this place.
 G = Mean time per level.
                   A        B        C        D        E       F      G
               +--------+--------+--------+--------+--------+-----+--------+
         Total |  24658 |  24087 |    571 |   8547 |  12006 |  17 | 1450.5 |
       Dungeon |  17934 |  17436 |    498 |   5721 |   8981 |  12 | 1494.5 |
          Lair |   6724 |   6652 |     72 |   2826 |   3024 |   5 | 1344.8 |
               +--------+--------+--------+--------+--------+-----+--------+

Top non-repeatable levels by time:
    D:10: 3264 daAuts
    D:11: 2884 daAuts
  Lair:3: 2194 daAuts
    D:12: 2106 daAuts
     D:4: 1927 daAuts
  Lair:1: 1483 daAuts
  Lair:2: 1429 daAuts
     D:5: 1368 daAuts
     D:2: 1155 daAuts
  Lair:4: 1102 daAuts
     D:9: 1092 daAuts
     D:7: 1019 daAuts
     D:6: 1007 daAuts
     D:3: 826 daAuts
     D:8: 786 daAuts
